 Dungeon Crawl Stone Soup version 0.25-a0-289-g406d6369f5 (webtiles) character file.

Game seed: 13946343703463092763, levelgen mode: deterministic

76 Gargoyl the Skirmisher (level 4, -2/39 HPs)
             Began as a Centaur Abyssal Knight on Dec 13, 2019.
             Was a Follower of Lugonu.
             Asphyxiated
             ... on level 3 of the Dungeon.
             The game lasted 00:04:55 (2240 turns).

Gargoyl the Skirmisher (Centaur Abyssal Knight)     Turns: 2240, Time: 00:04:56

Health: -2/39      AC:  7    Str: 14 (15) XL:     4   Next: 12%
Magic:  5/5        EV:  4    Int:  9 (11) God:    Lugonu [*.....]
Gold:   91         SH:  0    Dex:  8 (9)  Spells: 3/3 levels left

rFire    . . .     SeeInvis .   a - +1 hand axe
rCold    . . .     Gourm    .   (no shield)
rNeg     . . .     Faith    .   d - +0 chain mail
rPois    .         Spirit   .   (no helmet)
rElec    .         Reflect  .   (no cloak)
rCorr    .         Harm     .   (no gloves)
MR       ++...                  (no barding)
Stlth    ..........             (no amulet)
HPRegen  0.13/turn              e - ring of protection from magic
MPRegen  0.09/turn              h - ring of protection from magic

@: lethally poisoned (-2 -> -27), slowed
A: large, hooves 3, deformed body, speed 2, tough skin 3
a: Depart the Abyss, Renounce Religion


You were on level 3 of the Dungeon.
You worshipped Lugonu.
Lugonu was aware of your devotion.
You were not hungry.

You visited 1 branch of the dungeon, and saw 3 of its levels.
You visited the Abyss 1 time.

You collected 91 gold pieces.

Inventory:

Hand Weapons
 a - a +1 hand axe (weapon)
Armour
 d - a +0 chain mail (worn)
Jewellery
 e - a ring of protection from magic (left hand)
 h - a ring of protection from magic (right hand)
Scrolls
 f - 2 scrolls of identify
 g - 2 scrolls of remove curse
Potions
 b - a potion of heal wounds {unknown}
 i - 2 potions of curing
Comestibles
 c - a ration


   Skills:
 + Level 3.6 Fighting
 + Level 2.1 Axes
 * Level 2.2 Armour
 * Level 1.1 Dodging
 * Level 2.5 Invocations


You had 3 spell levels left.
You didn't know any spells.
Your spell library was empty.

Dungeon Overview and Level Annotations

Branches:
Dungeon (3/15)

Altars:
Hepliaklqana


Innate Abilities, Weirdness & Mutations

You have hooves in place of feet.
Armour fits poorly on your strangely shaped body.
You cover ground very quickly.
You have extremely tough skin. (AC +3)


Message History

You see here a curare-tipped dart.
You feel sick.
You feel sick.
You feel sick.
The kobold throws a curare-tipped dart.
The curare-tipped dart hits you.
You are more poisoned.
You have difficulty breathing.
* * * LOW HITPOINT WARNING * * *
You feel as though you will be slow longer.
You see here a curare-tipped dart.
You feel better.
The kobold throws a curare-tipped dart.
The curare-tipped dart hits you.
You are poisoned.
You have difficulty breathing.
* * * LOW HITPOINT WARNING * * *
You feel as though you will be slow longer.
The kobold throws a curare-tipped dart.
The curare-tipped dart hits you.
You are more poisoned.
You have difficulty breathing.
You die...

##############
...K.........#
............#
..........# #........#
## #@.......#
...#..((....#
.###.#........#
..............#
#..........#### #......
+..........# #......
#..........### #......
#............####......
......................[


You could see a kobold.

Vanquished Creatures
  4 adders (D:2)
  A worm (D:2)
  2 leopard geckos
  A ball python (D:2)
  A giant cockroach (D:1)
  5 goblins
  4 hobgoblins
  2 jackals (D:2)
  3 kobolds
  A quokka (D:2)
  2 bats
  3 frilled lizards
  5 rats
34 creatures vanquished.

Notes
Turn   | Place    | Note
-------+----------+-------------------------------------------
     0 | Abyss:1  | Gargoyl the Centaur Abyssal Knight began the quest for the
                  | Orb.
     0 | Abyss:1  | Reached XP level 1. HP: 19/19 MP: 2/2
    49 | Abyss:1  | Noticed a golden eye
   110 | Abyss:1  | Noticed a harpy zombie
   186 | Abyss:1  | Noticed a tentacled monstrosity
   223 | Abyss:1  | Found an ancient bone altar of Kikubaaqudgha.
   234 | Abyss:1  | Noticed a demonic crawler
   262 | Abyss:1  | Noticed an ancient zyme
   281 | Abyss:1  | Noticed an ancient zyme
   293 | Abyss:1  | Noticed a worldbinder
   296 | Abyss:1  | Noticed a shadow
   296 | Abyss:1  | Noticed a wraith
   296 | Abyss:1  | Noticed a wraith
   309 | Abyss:1  | Noticed a large abomination
   309 | Abyss:1  | Noticed a shadow
   322 | Abyss:1  | Noticed a thrashing horror
   322 | Abyss:1  | Noticed a quasit
   326 | D:1      | Escaped the Abyss
   514 | D:1      | Reached * piety under Lugonu
   717 | D:1      | Reached XP level 2. HP: 23/26 MP: 3/3
  1395 | D:2      | Reached skill level 1 in Dodging
  1395 | D:2      | Reached XP level 3. HP: 28/31 MP: 4/4
  2009 | D:2      | Reached XP level 4. HP: 35/39 MP: 5/5
  2032 | D:2      | Found a hazy altar of Hepliaklqana.
  2240 | D:3      | Asphyxiated

Levels and vault maps discovered:
D:1:      dpeg_arrival_simpleton_a, layout_basic, feat_on_display
D:2:      layout_rooms, lemuel_crystal_altar
D:3:      layout_basic, zin_statuary, nrook_campfire

Skill      XL: |  1  2  3 |
---------------+----------+-----
Dodging        | 1 |  1.1
Axes           | 2 |  2.1
Armour         | 2 |  2.2
Fighting       | |  3.6
Invocations    | |  2.5

Action                   |  1- 3 |  4- 6 || total
-------------------------+-------+-------++-------
Melee: Hand axe          |   101 |    15 ||   116
       Kick              |    19 |     4 ||    23
Invok: Depart the Abyss  |     1 |       ||     1
  Use: Potion            |     4 |     1 ||     5
       Scroll            |     3 |       ||     3
  Eat: Chunk             |     2 |     1 ||     3
Armor: Chain mail        |    62 |    14 ||    76
Dodge: Dodged            |    19 |     2 ||    21

Table legend:
 A = Non-vault XP
 B = Vault XP
 C = Vault XP percentage of total XP
 D = Non-vault monster count
 E = Vault monster count
 F = Vault count percentage of total count
                 A         B        C        D         E       F
            +---------+---------+-------+---------+---------+-------
      Total |     109 |       0 |   0.0 |      34 |       0 |   0.0
            +---------+---------+-------+---------+---------+-------
        D:1 |      24 |       0 |   0.0 |      14 |       0 |   0.0
        D:2 |      82 |       0 |   0.0 |      18 |       0 |   0.0
        D:3 |       3 |       0 |   0.0 |       2 |       0 |   0.0
            +---------+---------+-------+---------+---------+-------
